 Dungeon Crawl Stone Soup version 0.27-a0-1177-g245c70e1c0 (webtiles) character file.

Game seed: 15595122550155585377

48 mandarbmax the Ruffian (level 3, -1/29 HPs)
             Began as a Ghoul Gladiator on May 16, 2021.
             Slain by Sigmund
             ... wielding a +0 scythe
              (3 damage)
             ... on level 2 of the Dungeon.
             The game lasted 00:03:13 (677 turns).

mandarbmax the Ruffian (Ghoul Gladiator)             Turns: 677, Time: 00:03:13

Health: -1/29      AC:  4    Str: 18    XL:     3   Next: 72%
Magic:  2/2        EV: 12    Int:  3    God:
Gold:   35         SH:  0    Dex: 10    Spells: 2/2 levels left

rFire    . . .     SeeInvis .     - Unarmed
rCold    + . .     Faith    .   (no shield)
rNeg     + + +     Spirit   .   a - +0 leather armour
rPois    ∞         Reflect  .   b - +0 helmet
rElec    .         Harm     .   (no cloak)
rCorr    .         Rampage  .   (no gloves)
Will     .....                  (no boots)
Stlth    +.........             (no amulet)
HPRegen  0.00/turn              (no ring)
MPRegen  0.08/turn              (no ring)

@: mighty
A: claws 1, cold resistance 1, negative energy resistance 3, inhibited
regeneration, torment resistance 2
a: no special abilities


You were on level 2 of the Dungeon.
You visited 1 branch of the dungeon, and saw 3 of its levels.

You collected 35 gold pieces.

Inventory:

Missiles
 c - 3 throwing nets (quivered)
Armour
 a - a +0 leather armour (worn)
 b - a +0 helmet (worn)
Wands
 g - a wand of polymorph (2)
Scrolls
 d - 3 scrolls of identify {unknown}
 f - a scroll of fear {unknown}
 h - a scroll of noise {unknown}


   Skills:
 - Level 2.1 Fighting
 - Level 1.7 Throwing
 - Level 3.0 Dodging
 + Level 4.8 Unarmed Combat


You had 2 spell levels left.
You didn't know any spells.
Your spell library was empty.

Dungeon Overview and Level Annotations

Branches:
Dungeon (3/15)

Altars:

Annotations:
D:2 Sigmund


Innate Abilities, Weirdness & Mutations

You thrive by killing the living.
You are immune to poison.
You have sharp fingernails.
Your flesh is cold resistant. (rC+)
You are immune to negative energy. (rN+++)
You do not regenerate when monsters are visible.
You are immune to unholy pain and torment.


Message History

Deactivating autopickup; reactivate with Ctrl-A.
There is a stone staircase leading up here.
No target in view!
No target in view!
No target in view!
No target in view!
No target in view!
No target in view!
No target in view!
No target in view!
No target in view!
No target in view!
No target in view!
No target in view!
No target in view!
No target in view!
No target in view!
No target in view!
No target in view!
No target in view!
No target in view!
No target in view!
No target in view!
No target in view!
No target in view!
No target in view!
No target in view!
You miss something. You barely miss something. Something hits you!
You scratch something but do no damage. Something hits you!
You miss something. Something hits you but does no damage.
It was a potion of might.
You feel very mighty all of a sudden. Something hits you!
* * * LOW HITPOINT WARNING * * *
It was a potion of lignification.
You feel woody for a moment. Something hits you.
* * * LOW HITPOINT WARNING * * *
You scratch something. Something hits you.
You die...

#.............
#.##.#########
#.##.# #.##.#
#.##.# . #.##.#
...## #.##.##
......#####.#...##
......{@.....###.##
......#####.## ##.#
............# #.#
...########.## ##.#
.. ##.###.## #
##...## #####


There were no monsters in sight!

Vanquished Creatures
  Terence (D:3)
  2 dart slugs (D:1)
  4 bats
  2 endoplasms (D:1)
  A giant cockroach (D:1)
  A goblin (D:3)
  2 jackals (D:1)
  2 quokkas (D:1)
  A ball python (D:1)
  A frilled lizard (D:1)
  3 kobolds
  A rat (D:1)
21 creatures vanquished.

Notes
Turn   | Place    | Note
-------+----------+-------------------------------------------
     0 | D:1      | mandarbmax the Ghoul Gladiator began the quest for the Orb.
     0 | D:1      | Reached XP level 1. HP: 17/17 MP: 0/0
   110 | D:1      | Reached XP level 2. HP: 23/24 MP: 1/1
   246 | D:1      | Reached skill level 4 in Unarmed Combat
   403 | D:1      | You fall into a shaft and drop 1 floor!
   444 | D:2      | You fall into a shaft and drop 1 floor!
   463 | D:3      | Noticed Terence
   472 | D:3      | Killed Terence
   473 | D:3      | Reached XP level 3. HP: 27/29 MP: 2/2
   667 | D:2      | Noticed Sigmund
   677 | D:2      | Slain by Sigmund

Illustrated notes

Levels and vault maps discovered:
D:1:      heliophobic_arrival_henge, layout_loops_ring,
          hellmonk_ecumenical_altar_leap_of_faith, minmay_misc_feat_alley
D:2:      layout_loops_ring, uniq_sigmund
D:3:      layout_loops_ring, grunt_ministairs_1, chequers_mini_garden,
          uniq_terence

Skill      XL: |  1  2 |
---------------+-------+-----
Dodging        | 3 |  3.0
Unarmed Combat | 4 |  4.8
Fighting       | |  2.1
Throwing       | |  1.7

Action                   || total
-------------------------++-------
Melee: Unarmed           ||    68
       Punch             ||     3
  Use: Potion            ||     2
Armor: Leather armour    ||    14
Dodge: Dodged            ||    44

Table legend: (Time is in decaauts)
 A = Elapsed time spent in this place.
 B = Non-inter-level travel time spent in this place.
 C = Inter-level travel time spent in this place.
 D = Time resting spent in this place.
 E = Time spent auto-exploring this place.
 F = Levels seen in this place.
 G = Mean time per level.
                   A        B        C        D        E       F      G
               +--------+--------+--------+--------+--------+-----+--------+
         Total |    672 |    649 |     23 |      0 |    499 |   3 |  224.0 |
       Dungeon |    672 |    649 |     23 |      0 |    499 |   3 |  224.0 |
               +--------+--------+--------+--------+--------+-----+--------+

Top non-repeatable levels by time:
     D:1: 400 daAuts
     D:3: 175 daAuts
     D:2: 96 daAuts
